[Event "4th Baskent University Open 2019"]
[Site "Ankara"]
[Date "2019.06.19"]
[Round "5"]
[White "Mammadov, Zaur"]
[Black "Odeev, Handszar"]
[Result "0-1"]
[ECO "B22"]
[WhiteElo "2428"]
[BlackElo "2386"]
[Annotator "NA"]
[PlyCount "110"]
[EventDate "2019.06.18"]
[EventType "swiss"]
[EventCountry "TUR"]
[SourceTitle "playchess.com"]
[Source "ChessBase"]
[SourceQuality "1"]
[TimeControl "5400+30"]

1. e4 c5 2. c3 d5 3. exd5 Nf6 4. Nf3 Qxd5 5. d4 Bg4 6. Nbd2 e6 7. Bc4 Qd8 8. Qb3 Qc7 9. Ne5 Bd6 10. Bb5+ Nc6 11. Ndc4 O-O 12. Nxd6 Qxd6 13. Nxg4 Nxg4 14. Be2 Nf6 15. Qa3 Qd5 16. Bf3 Ne4 17. dxc5 Ne5 18. Be3 Nxf3+ 19. gxf3 Ng5 20. Bxg5 Qxg5 21. Kf1 Qf5 22. Qb4 Qxf3 23. Rg1 Rfd8 24. Qg4 Qd3+ 25. Qe2 Qh3+ 26. Rg2 Rd5 27. Kg1 Rxc5 28. Rd1 Qf5 29. c4 b5 30. cxb5 Rxb5 31. Rg3 h5 32. h4 Rb4 33. Rg5 Qf6 34. b3 Rxh4 35. Rg3 Rd8 36. Rc1 g6 37. Kg2 Rf4 38. Rc2 h4 39. Rgc3 Qg5+ 40. Kh2 Rfd4 41. Qf3 Rd1 42. Rc8 Kg7 43. Rxd8 Rxd8 44. Rc4 Rd5 45. Rg4 Qe5+ 46. Kg2 g5 47. Re4 Qf6 48. Qe3 a5 49. b4 axb4 50. Rxb4 Qf5 51. Re4 Rd1 52. Kh2 Qd5 53. Qc3+ Kg6 54. Qc2 Qd3 55. Qc6 Qd6+ 0-1

[Event "4th Baskent University Open 2019"]
[Site "Ankara"]
[Date "2019.06.19"]
[Round "5"]
[White "Can, Isik"]
[Black "Kizilkus, Akin"]
[Result "1/2-1/2"]
[ECO "C12"]
[WhiteElo "2379"]
[BlackElo "2131"]
[Annotator "NA"]
[PlyCount "96"]
[EventDate "2019.06.18"]
[EventType "swiss"]
[EventCountry "TUR"]
[SourceTitle "playchess.com"]
[Source "ChessBase"]
[SourceQuality "1"]
[TimeControl "5400+30"]

1. e4 e6 2. d4 d5 3. Nc3 Nf6 4. Bg5 Bb4 5. e5 h6 6. Be3 Ne4 7. Qg4 g6 8. a3 Bxc3+ 9. bxc3 c5 10. Bd3 h5 11. Qf3 Nxc3 12. dxc5 Nc6 13. Qf4 d4 14. Bd2 g5 15. Qxg5 Qxg5 16. Bxg5 Nxe5 17. Bf6 Nxd3+ 18. cxd3 Rg8 19. Bxd4 Nd5 20. g3 Bd7 21. Ne2 O-O-O 22. O-O-O Bb5 23. Be5 b6 24. cxb6 axb6 25. Bb2 Kb7 26. Rd2 Rd7 27. Kb1 Rgd8 28. Rhd1 Ba6 29. h4 Bb5 30. Ka2 Ba6 31. Kb3 f6 32. Nd4 e5 33. Nf5 Nc7 34. d4 Ne6 35. f3 Bb5 36. g4 Bc6 37. Rf1 exd4 38. gxh5 Rd5 39. Ng3 f5 40. Re1 Nc5+ 41. Ka2 f4 42. Re7+ Ka6 43. Ne4 Rxh5 44. Rxd4 Rxd4 45. Bxd4 Nxe4 46. fxe4 Rxh4 47. Re6 Kb7 48. Re7+ Ka6 1/2-1/2

[Event "4th Baskent University Open 2019"]
[Site "Ankara"]
[Date "2019.06.19"]
[Round "5"]
[White "Simantsev, Mikhail"]
[Black "Gulbeyaz, Emir"]
[Result "1-0"]
[ECO "E61"]
[WhiteElo "2371"]
[BlackElo "2157"]
[Annotator "NA"]
[PlyCount "81"]
[EventDate "2019.06.18"]
[EventType "swiss"]
[EventCountry "TUR"]
[SourceTitle "playchess.com"]
[Source "ChessBase"]
[SourceQuality "1"]
[TimeControl "5400+30"]

1. d4 d6 2. Nf3 g6 3. c4 Bg7 4. Nc3 Nf6 5. h3 Bf5 6. g4 Bc8 7. e4 c5 8. d5 h6 9. Be3 b5 10. cxb5 a6 11. a4 O-O 12. Be2 Nbd7 13. O-O h5 14. g5 Ne8 15. Kg2 e6 16. dxe6 fxe6 17. Nh4 Kh7 18. f4 Bb7 19. Bf3 axb5 20. Nxb5 Nb6 21. Qc2 Qe7 22. a5 Nc8 23. Kh2 e5 24. f5 gxf5 25. exf5 e4 26. Ng6 Be5+ 27. Kg1 exf3 28. Nxe7 Nxe7 29. f6+ Ng6 30. Qf5 Bc6 31. Nc3 Nxf6 32. gxf6 Rxf6 33. Qxh5+ Kg7 34. Bg5 Bd4+ 35. Rf2 Rf5 36. Bh6+ Kf6 37. Bg7+ Kxg7 38. Qxf5 Rf8 39. Qg5 Rh8 40. Rd1 Bf6 41. Qxf6+ 1-0

[Event "4th Baskent University Open 2019"]
[Site "Ankara"]
[Date "2019.06.19"]
[Round "5"]
[White "Koksal, Ege"]
[Black "Gulden, Egemen"]
[Result "1-0"]
[ECO "E69"]
[WhiteElo "2363"]
[BlackElo "2120"]
[Annotator "NA"]
[PlyCount "112"]
[EventDate "2019.06.18"]
[EventType "swiss"]
[EventCountry "TUR"]
[SourceTitle "playchess.com"]
[Source "ChessBase"]
[SourceQuality "1"]
[TimeControl "5400+30"]

1. d4 Nf6 2. Nf3 g6 3. c4 Bg7 4. g3 d6 5. Bg2 O-O 6. O-O c6 7. Nc3 Nbd7 8. e4 e5 9. h3 Re8 10. Re1 h6 11. Be3 Qc7 12. Qc2 b6 13. Rad1 Bb7 14. b3 Rac8 15. Qd2 Kh7 16. Nh2 Rcd8 17. d5 c5 18. Ng4 Nxg4 19. hxg4 f6 20. Bf3 Nf8 21. Kg2 g5 22. Qe2 Bc8 23. Rb1 Bd7 24. Bd2 Ng6 25. Nd1 Ne7 26. Ne3 Rb8 27. Nf5 Nxf5 28. gxf5 Red8 29. Bh5 Be8 30. Rh1 Kg8 31. f4 Bxh5 32. Qxh5 Qf7 33. Qxf7+ Kxf7 34. fxe5 fxe5 35. Kf3 Rh8 36. Kg4 Bf6 37. a3 Kg7 38. Kh5 Rhc8 39. Rhc1 Rc7 40. Ra1 Rcc8 41. b4 Rb7 42. Rab1 Rbb8 43. Rc2 Be7 44. Be3 Kf6 45. bxc5 dxc5 46. Rcb2 Rb7 47. a4 Bf8 48. a5 Rcb8 49. Rb5 Bd6 50. axb6 axb6 51. Ra1 Kg7 52. Ra6 Be7 53. Rb1 Bd6 54. Rba1 Be7 55. Ra8 Bd6 56. R8a7 Be7 1-0

[Event "4th Baskent University Open 2019"]
[Site "Ankara"]
[Date "2019.06.19"]
[Round "5"]
[White "Guliev, Logman"]
[Black "Grigoriev, Armen"]
[Result "1-0"]
[ECO "B05"]
[WhiteElo "2320"]
[BlackElo "1986"]
[Annotator "NA"]
[PlyCount "50"]
[EventDate "2019.06.18"]
[EventType "swiss"]
[EventCountry "TUR"]
[SourceTitle "playchess.com"]
[Source "ChessBase"]
[SourceQuality "1"]
[TimeControl "5400+30"]

1. e4 Nf6 2. e5 Nd5 3. d4 d6 4. Nf3 Bg4 5. Be2 e6 6. O-O Be7 7. h3 Bh5 8. c4 Nb6 9. Nc3 O-O 10. Be3 Nc6 11. exd6 cxd6 12. b3 d5 13. c5 Nc8 14. b4 a6 15. Rb1 Bf6 16. a4 Bg6 17. Rb2 N8e7 18. b5 axb5 19. axb5 Na5 20. Bf4 Nc4 21. Bxc4 dxc4 22. Bd6 Re8 23. Ne5 Bd3 24. Nf3 Bxd4 25. Ne2 Bf6 1-0

[Event "4th Baskent University Open 2019"]
[Site "Ankara"]
[Date "2019.06.19"]
[Round "5"]
[White "Olcum, Ahmet"]
[Black "Rzayev, Askar Aliakbar"]
[Result "0-1"]
[ECO "D02"]
[WhiteElo "2315"]
[BlackElo "2089"]
[Annotator "NA"]
[PlyCount "120"]
[EventDate "2019.06.18"]
[EventType "swiss"]
[EventCountry "TUR"]
[SourceTitle "playchess.com"]
[Source "ChessBase"]
[SourceQuality "1"]
[TimeControl "5400+30"]

1. d4 Nf6 2. Bf4 d5 3. e3 e6 4. Nf3 c5 5. c3 Bd6 6. Bg3 Qc7 7. Nbd2 Nbd7 8. Bd3 O-O 9. Nh4 b6 10. Bxd6 Qxd6 11. f4 cxd4 12. cxd4 Bb7 13. O-O Ne4 14. Nhf3 Ndf6 15. Rc1 Rfc8 16. Qe2 Qb4 17. a3 Qe7 18. Ne5 Rxc1 19. Rxc1 Rc8 20. Rxc8+ Bxc8 21. Ndf3 Qc7 22. Qc2 Qxc2 23. Bxc2 Bb7 24. Bd3 Nd6 25. Nd2 Kf8 26. Kf2 Ke7 27. Ke2 h6 28. g4 Nfe4 29. h4 Nxd2 30. Kxd2 f6 31. Nf3 Bc6 32. h5 Bb5 33. Bxb5 Nxb5 34. Nh4 Nd6 35. b3 f5 36. Ng6+ Kf6 37. gxf5 Nxf5 38. Ne5 Ng3 39. b4 Nxh5 40. Nc6 a6 41. Ke2 Ng3+ 42. Kf3 Ne4 43. Nb8 Nd2+ 44. Ke2 Nc4 45. a4 a5 46. bxa5 bxa5 47. Nc6 h5 48. Kf3 g6 49. e4 Nd2+ 50. Ke2 Nxe4 51. Nxa5 Nc3+ 52. Kf3 Nxa4 53. Nc6 Nc3 54. Ne5 Nb5 55. Ke3 Kf5 56. Nf3 Nd6 57. Nh4+ Kf6 58. Kd3 Nf5 59. Nf3 Ne7 60. Nh4 g5 0-1

[Event "4th Baskent University Open 2019"]
[Site "Ankara"]
[Date "2019.06.19"]
[Round "5"]
[White "Babayev, Talib"]
[Black "Gulsoy, Mustafa Alpago"]
[Result "0-1"]
[ECO "C66"]
[WhiteElo "2290"]
[BlackElo "2055"]
[Annotator "NA"]
[PlyCount "148"]
[EventDate "2019.06.18"]
[EventType "swiss"]
[EventCountry "TUR"]
[SourceTitle "playchess.com"]
[Source "ChessBase"]
[SourceQuality "1"]
[TimeControl "5400+30"]

1. e4 e5 2. Nf3 Nc6 3. Bb5 Nf6 4. O-O Be7 5. Re1 d6 6. d4 Bd7 7. Nc3 exd4 8. Nxd4 Nxd4 9. Qxd4 c6 10. Bf1 O-O 11. Bf4 Be6 12. Rad1 d5 13. exd5 Nxd5 14. Nxd5 Qxd5 15. Qxd5 cxd5 16. Be5 Rac8 17. c3 a6 18. g3 Rfd8 19. Bg2 Rd7 20. Rd2 b5 21. a3 Rcd8 22. Bd4 h6 23. f4 Rc8 24. Bf3 Bc5 25. Red1 a5 26. Bxc5 Rxc5 27. Rd4 Kf8 28. Re1 Rc4 29. Red1 Rxd4 30. Rxd4 Ke7 31. Kf2 f6 32. Ke3 Kd6 33. Be2 Kc5 34. b4+ axb4 35. axb4+ Kc6 36. Rd2 Re7 37. Kd4 Bf5 38. Bf3 Be4 39. Re2 f5 40. Bh5 Ra7 41. Be8+ Kb6 42. Bg6 Rc7 43. Re3 Rc6 44. Bf7 Rc7 45. Be6 Kc6 46. Ke5 g6 47. Re2 Ra7 48. Rd2 Ra1 49. Bf7 g5 50. Be8+ Kb6 51. Bd7 gxf4 52. gxf4 Rc1 53. Bxf5 Bxf5 54. Kxf5 Rxc3 55. Ke5 Rc4 56. Rf2 Kc6 57. f5 Rxb4 58. f6 Re4+ 59. Kf5 Kd7 60. h3 Re3 61. Kf4 d4 62. Rd2 Ke6 63. Rxd4 Rxh3 64. Kg4 Rc3 65. Kh5 Kxf6 66. Rb4 Rc5+ 67. Kxh6 Ke6 68. Kg6 Kd6 69. Kf6 Kc6 70. Ke6 Rc1 71. Ke5 Kc5 72. Rb2 b4 73. Ke4 Kc4 74. Ke3 Kc3 0-1

[Event "4th Baskent University Open 2019"]
[Site "Ankara"]
[Date "2019.06.19"]
[Round "5"]
[White "Darban, Morteza"]
[Black "Bagaturov, Giorgi"]
[Result "1/2-1/2"]
[ECO "B56"]
[WhiteElo "2264"]
[BlackElo "2422"]
[Annotator "NA"]
[PlyCount "25"]
[EventDate "2019.06.18"]
[EventType "swiss"]
[EventCountry "TUR"]
[SourceTitle "playchess.com"]
[Source "ChessBase"]
[SourceQuality "1"]
[TimeControl "5400+30"]

1. e4 c5 2. Nf3 d6 3. Nc3 Nc6 4. d4 cxd4 5. Nxd4 Nf6 6. f3 Nxd4 7. Qxd4 g6 8. Bb5+ Bd7 9. Bxd7+ Qxd7 10. Bg5 Bg7 11. O-O-O O-O 12. Qe3 Qe6 13. Nd5 1/2-1/2

[Event "4th Baskent University Open 2019"]
[Site "Ankara"]
[Date "2019.06.19"]
[Round "5"]
[White "Mohannad, Farhan"]
[Black "Annaberdiev, Meilis"]
[Result "1/2-1/2"]
[ECO "D38"]
[WhiteElo "2193"]
[BlackElo "2532"]
[Annotator "ChessBase"]
[PlyCount "100"]
[EventDate "2019.06.18"]
[EventType "swiss"]
[EventCountry "TUR"]
[SourceTitle "playchess.com"]
[Source "ChessBase"]
[SourceQuality "1"]
[TimeControl "5400+30"]

1. d4 Nf6 2. c4 e6 3. Nf3 d5 4. Bg5 h6 5. Bxf6 Qxf6 6. Nc3 Bb4 7. e3 O-O 8. Rc1 Rd8 9. a3 Bxc3+ 10. Rxc3 c6 11. Bd3 Nd7 12. cxd5 exd5 13. O-O a5 14. b4 axb4 15. axb4 Nb6 16. Qc2 Be6 17. Ne5 Qe7 18. f4 Bd7 19. Bh7+ Kh8 20. b5 Be8 21. bxc6 bxc6 22. Bd3 f6 23. Rxc6 Nc4 24. Bxc4 fxe5 25. Rc5 dxc4 26. Rxe5 Qf7 27. f5 Ra6 28. Re6 Ra5 29. Qxc4 Rad5 30. Rf3 Bb5 31. Qc2 Qd7 32. Qe4 Rc8 33. h3 Rc1+ 34. Kh2 Bc6 35. Qf4 Rb5 36. Rg3 Rbb1 37. Rxh6+ Kg8 38. Rxg7+ Qxg7 39. Rg6 Rb7 40. e4 Rc2 41. d5 Be8 42. Rg5 Kh8 43. Rxg7 Rxg7 44. Qf3 Rg5 45. Kg1 Bh5 46. g4 Rg7 47. Qf4 Rb7 48. Qh6+ Kg8 49. Qg5+ Kf8 50. Qh6+ Kg8 1/2-1/2

[Event "4th Baskent University Open 2019"]
[Site "Ankara"]
[Date "2019.06.19"]
[Round "5"]
[White "Yilmaz, Goktan"]
[Black "Nagy, Gabor"]
[Result "0-1"]
[ECO "B33"]
[WhiteElo "2155"]
[BlackElo "2471"]
[Annotator "ChessBase"]
[PlyCount "78"]
[EventDate "2019.06.18"]
[EventType "swiss"]
[EventCountry "TUR"]
[SourceTitle "playchess.com"]
[Source "ChessBase"]
[SourceQuality "1"]
[TimeControl "5400+30"]

1. e4 c5 2. Nf3 Nc6 3. d4 cxd4 4. Nxd4 Qb6 5. Nb3 Nf6 6. Nc3 e6 7. Qe2 Bb4 8. Bd2 O-O 9. O-O-O d5 10. exd5 exd5 11. Be3 Qc7 12. Nb5 Qb8 13. N5d4 a5 14. Nb5 a4 15. N3d4 a3 16. b3 Re8 17. g3 Nxd4 18. Nxd4 Bg4 19. f3 Ne4 20. Nb5 Qe5 21. Bd4 Qg5+ 22. Kb1 Nd2+ 23. Qxd2 Qxd2 24. Bd3 Qxd1+ 25. Rxd1 Bxf3 26. Rf1 Be2 27. Bxe2 Rxe2 28. c3 Bf8 29. Nc7 Rd8 30. Rf2 Rxf2 31. Bxf2 Rd7 32. Nb5 Re7 33. Nd4 Re8 34. b4 Bd6 35. Kc2 Be5 36. Kb3 Bxd4 37. Bxd4 b5 38. Kxa3 Ra8+ 39. Kb3 f6 0-1

[Event "4th Baskent University Open 2019"]
[Site "Ankara"]
[Date "2019.06.19"]
[Round "5"]
[White "Gokcek, Kursat Bugra"]
[Black "Saraci, Nderim"]
[Result "1/2-1/2"]
[ECO "A48"]
[WhiteElo "2127"]
[BlackElo "2377"]
[Annotator "NA"]
[PlyCount "76"]
[EventDate "2019.06.18"]
[EventType "swiss"]
[EventCountry "TUR"]
[SourceTitle "playchess.com"]
[Source "ChessBase"]
[SourceQuality "1"]
[TimeControl "5400+30"]

1. d4 Nf6 2. Bf4 g6 3. e3 Bg7 4. Nf3 O-O 5. Be2 b6 6. h3 Bb7 7. O-O c5 8. c3 d5 9. Ne5 Nc6 10. Nd2 Nd7 11. Nxc6 Bxc6 12. Nf3 Re8 13. Bh2 Qc8 14. Rc1 Qb7 15. b4 c4 16. a4 a6 17. Rb1 b5 18. a5 f6 19. Rb2 Rad8 20. Ne1 e5 21. Nc2 e4 22. Qd2 Nf8 23. Ra1 Ne6 24. Kf1 Rf8 25. Ke1 f5 26. Kd1 g5 27. Kc1 Qf7 28. Rbb1 f4 29. Bg4 Bd7 30. Bxe6 Bxe6 31. Kb2 f3 32. g4 h5 33. Rh1 Qd7 34. Bg3 Kf7 35. Rh2 Rh8 36. Rah1 hxg4 37. h4 gxh4 38. Rxh4 Bf6 1/2-1/2

[Event "4th Baskent University Open 2019"]
[Site "Ankara"]
[Date "2019.06.19"]
[Round "5"]
[White "Guven, Oguz Kagan"]
[Black "Maghalashvili, Davit"]
[Result "1/2-1/2"]
[ECO "B22"]
[WhiteElo "2095"]
[BlackElo "2500"]
[Annotator "ChessBase"]
[PlyCount "53"]
[EventDate "2019.06.18"]
[EventType "swiss"]
[EventCountry "TUR"]
[SourceTitle "playchess.com"]
[Source "ChessBase"]
[SourceQuality "1"]
[TimeControl "5400+30"]

1. e4 c5 2. Nf3 e6 3. c3 Nf6 4. e5 Nd5 5. d4 cxd4 6. cxd4 Nc6 7. Bc4 Nb6 8. Bb3 d6 9. O-O dxe5 10. dxe5 Qxd1 11. Rxd1 Be7 12. Nc3 O-O 13. Be3 Nd7 14. Nb5 Nc5 15. Bc2 Nb4 16. Bxc5 Bxc5 17. Be4 a5 18. Rac1 Na6 19. Nc7 Nxc7 20. Rxc5 Nd5 21. Bxd5 exd5 22. Rcxd5 Be6 23. Rb5 Bxa2 24. Rxb7 Rfd8 25. Rbd7 Rdb8 26. R1d2 h6 27. g3 1/2-1/2

[Event "4th Baskent University Open 2019"]
[Site "Ankara"]
[Date "2019.06.19"]
[Round "5"]
[White "Unat, Can Haktan"]
[Black "Gunduz, Umut Erdem"]
[Result "0-1"]
[ECO "B38"]
[WhiteElo "2079"]
[BlackElo "2302"]
[Annotator "NA"]
[PlyCount "134"]
[EventDate "2019.06.18"]
[EventType "swiss"]
[EventCountry "TUR"]
[SourceTitle "playchess.com"]
[Source "ChessBase"]
[SourceQuality "1"]
[TimeControl "5400+30"]

1. Nf3 Nf6 2. c4 c5 3. Nc3 Nc6 4. d4 cxd4 5. Nxd4 g6 6. e4 d6 7. Be2 Bg7 8. Be3 O-O 9. O-O Bd7 10. Qd2 Nxd4 11. Bxd4 Bc6 12. f3 Nd7 13. b4 Bxd4+ 14. Qxd4 Qb6 15. Qxb6 Nxb6 16. a4 a5 17. b5 Bd7 18. Rfc1 Be6 19. Nb1 Nd7 20. Nd2 Nc5 21. Rc3 Rac8 22. Raa3 Rc7 23. f4 Rfc8 24. Bf3 f6 25. Ra1 Bf7 26. e5 dxe5 27. fxe5 Rd7 28. Ne4 f5 29. Ng5 h6 30. e6 Bxe6 31. Nxe6 Nxe6 32. Bd5 Rxd5 33. cxd5 Rxc3 34. dxe6 Kg7 35. Rd1 Kf6 36. Rd7 Rc4 37. Rxb7 Rxa4 38. b6 Kxe6 39. Rb8 Rb4 40. b7 Kf7 41. Kf2 a4 42. Ra8 Rxb7 43. Rxa4 Rb3 44. g4 Kf6 45. gxf5 gxf5 46. h4 Rh3 47. Kg2 Re3 48. Ra8 Kg6 49. Kf2 f4 50. Ra5 e5 51. Ra6+ Kh5 52. Rf6 Kxh4 53. Rxh6+ Kg5 54. Rh8 Kf5 55. Rf8+ Ke4 56. Rb8 Ra3 57. Rb4+ Kf5 58. Rb2 e4 59. Ke2 Rh3 60. Kf1 e3 61. Kg2 Rg3+ 62. Kf1 Ke4 63. Ra2 Rg8 64. Ra4+ Kf3 65. Ra2 e2+ 66. Rxe2 Rg1+ 67. Kxg1 Kxe2 0-1

[Event "4th Baskent University Open 2019"]
[Site "Ankara"]
[Date "2019.06.19"]
[Round "5"]
[White "Akman, Ozgur"]
[Black "Arat, Ufuk Sezen"]
[Result "0-1"]
[ECO "B09"]
[WhiteElo "1930"]
[BlackElo "2368"]
[Annotator "NA"]
[PlyCount "102"]
[EventDate "2019.06.18"]
[EventType "swiss"]
[EventCountry "TUR"]
[SourceTitle "playchess.com"]
[Source "ChessBase"]
[SourceQuality "1"]
[TimeControl "5400+30"]

1. e4 d6 2. d4 g6 3. Nc3 Bg7 4. f4 Nf6 5. Nf3 O-O 6. Be3 b6 7. Bd3 Bb7 8. Qe2 c5 9. d5 Qc8 10. O-O Ba6 11. e5 Bxd3 12. cxd3 Ne8 13. d4 Nc7 14. Rad1 Nd7 15. Qf2 Qb7 16. Qh4 cxd4 17. Bxd4 f6 18. e6 Nc5 19. Be3 b5 20. f5 g5 21. Qd4 b4 22. Ne4 Na4 23. g4 Nb6 24. Qxb4 Ncxd5 25. Qd4 Rfc8 26. Rc1 Nc4 27. Bf2 Nf4 28. Rfe1 Nxb2 29. Rxc8+ Rxc8 30. Qxa7 Nh3+ 31. Kg2 Nf4+ 32. Kg1 Qxa7 33. Bxa7 h5 34. Nd4 Rc7 35. Nb5 Rc2 36. Nbxd6 Nbd3 37. Rb1 Rg2+ 38. Kf1 Rxa2 39. Nc8 Bf8 40. Bb6 Rxh2 41. Bg1 Rc2 42. Nb6 h4 43. Nd7 h3 44. Be3 h2 45. Ng3 Re2 46. Ba7 Ra2 47. Bd4 Ne2 48. Nh1 Nxd4 49. Rb8 Ra1+ 50. Kg2 Rg1+ 51. Kxh2 Nf3+ 0-1

[Event "4th Baskent University Open 2019"]
[Site "Ankara"]
[Date "2019.06.19"]
[Round "5"]
[White "Sahin, Arda"]
[Black "Celik, Meric"]
[Result "1/2-1/2"]
[ECO "D02"]
[WhiteElo "1710"]
[BlackElo "1650"]
[Annotator "NA"]
[PlyCount "34"]
[EventDate "2019.06.18"]
[EventType "swiss"]
[EventCountry "TUR"]
[SourceTitle "playchess.com"]
[Source "ChessBase"]
[SourceQuality "1"]
[TimeControl "5400+30"]

1. d4 d5 2. Nf3 e6 3. Bf4 c5 4. e3 Nc6 5. c3 Nf6 6. Nbd2 Bd6 7. Bg3 Bxg3 8. hxg3 Qd6 9. Bb5 Bd7 10. a4 O-O 11. Bxc6 bxc6 12. Ne5 cxd4 13. exd4 c5 14. Ndf3 Rab8 15. dxc5 Qxc5 16. Qc2 Bc8 17. O-O-O Qb6 1/2-1/2

[Event "4th Baskent University Open 2019"]
[Site "Ankara"]
[Date "2019.06.19"]
[Round "5"]
[White "Uysal, Ugur"]
[Black "Hasirci, Ozgur Deniz"]
[Result "1-0"]
[ECO "D78"]
[WhiteElo "1644"]
[BlackElo "1549"]
[Annotator "NA"]
[PlyCount "85"]
[EventDate "2019.06.18"]
[EventType "swiss"]
[EventCountry "TUR"]
[SourceTitle "playchess.com"]
[Source "ChessBase"]
[SourceQuality "1"]
[TimeControl "5400+30"]

1. Nf3 Nf6 2. d4 g6 3. c4 Bg7 4. g3 O-O 5. Bg2 c6 6. O-O d5 7. Qb3 Na6 8. cxd5 Nxd5 9. e4 Nb6 10. a3 Be6 11. Qc2 h6 12. Be3 Nc4 13. Nbd2 Nd6 14. Rfd1 Rc8 15. Bf1 b5 16. h3 f5 17. e5 Ne4 18. Nxe4 fxe4 19. Nd2 Qd7 20. Kh2 h5 21. Qxe4 Bf5 22. Qh4 Nc7 23. Ne4 Nd5 24. Nc5 Qe8 25. g4 Nxe3 26. fxe3 hxg4 27. hxg4 Kf7 28. Kg1 Rh8 29. Qf2 e6 30. e4 Kg8 31. exf5 gxf5 32. gxf5 Qh5 33. Bg2 exf5 34. Rd3 Qh2+ 35. Kf1 f4 36. Ne6 Re8 37. Nxg7 Kxg7 38. Rc1 Re6 39. Qg1 Rg6 40. Rc2 Kf7 41. Rh3 Rxg2 42. Rxh2 Rhg8 43. Rh3 1-0

[Event "4th Baskent University Open 2019"]
[Site "Ankara"]
[Date "2019.06.19"]
[Round "5"]
[White "Elma, Muge"]
[Black "Mustu, Mehmet Arda"]
[Result "1-0"]
[ECO "E08"]
[WhiteElo "1618"]
[BlackElo "1472"]
[Annotator "NA"]
[PlyCount "89"]
[EventDate "2019.06.18"]
[EventType "swiss"]
[EventCountry "TUR"]
[SourceTitle "playchess.com"]
[Source "ChessBase"]
[SourceQuality "1"]
[TimeControl "5400+30"]

1. d4 Nf6 2. c4 e6 3. Nf3 d5 4. g3 c6 5. Qc2 Be7 6. Bg2 O-O 7. O-O Nbd7 8. Rd1 b6 9. b3 Bb7 10. Nc3 Rc8 11. e4 dxe4 12. Nxe4 Nxe4 13. Qxe4 Nf6 14. Qc2 Qc7 15. Bf4 Bd6 16. Bxd6 Qxd6 17. c5 Qc7 18. Rac1 b5 19. b4 Rfd8 20. Ng5 Rd7 21. Rd2 Rcd8 22. Rcd1 h6 23. Ne4 Nxe4 24. Bxe4 e5 25. dxe5 Rxd2 26. Rxd2 Rxd2 27. Qxd2 Bc8 28. Qd6 Qxd6 29. exd6 Bd7 30. Kg2 f5 31. Bc2 Kf7 32. Kf3 Kf6 33. Ke3 Ke5 34. Bb3 Kf6 35. h3 h5 36. Bd1 g6 37. Kd4 Be6 38. a4 a6 39. axb5 axb5 40. Be2 Bd7 41. Bxb5 cxb5 42. Kd5 f4 43. h4 g5 44. hxg5+ Kxg5 45. c6 1-0

[Event "4th Baskent University Open 2019"]
[Site "Ankara"]
[Date "2019.06.19"]
[Round "5"]
[White "Gocer, Onur Saygin"]
[Black "Sariali, Furkan Anil"]
[Result "1/2-1/2"]
[ECO "B52"]
[WhiteElo "1595"]
[BlackElo "1749"]
[Annotator "NA"]
[PlyCount "123"]
[EventDate "2019.06.18"]
[EventType "swiss"]
[EventCountry "TUR"]
[SourceTitle "playchess.com"]
[Source "ChessBase"]
[SourceQuality "1"]
[TimeControl "5400+30"]

1. e4 c5 2. Nf3 d6 3. Bb5+ Bd7 4. Bxd7+ Nxd7 5. O-O g6 6. c3 Bg7 7. d4 Ngf6 8. Re1 O-O 9. h3 Rc8 10. e5 Ne8 11. Bg5 dxe5 12. dxe5 Nc7 13. Nbd2 Ne6 14. Bh4 Re8 15. Nc4 Qc7 16. Ng5 Ndf8 17. Nxe6 Nxe6 18. Qb3 Rcd8 19. Rad1 Rxd1 20. Rxd1 b6 21. Bg3 Rd8 22. a4 Rxd1+ 23. Qxd1 Qd8 24. Qxd8+ Nxd8 25. Ne3 Nc6 26. f4 Bh6 27. Nd5 Kf8 28. Kf1 Ke8 29. Bf2 Kd7 30. g3 Ke6 31. Ne3 g5 32. f5+ Kd7 33. Ng4 Bg7 34. f6 exf6 35. exf6 Bf8 36. Be3 h6 37. h4 gxh4 38. gxh4 h5 39. Nf2 Ne5 40. Ne4 Ng4 41. Bf4 Ke6 42. Bb8 a6 43. Ba7 Nxf6 44. Ng5+ Ke7 45. Bxb6 c4 46. Bc5+ Ke8 47. Bd4 Ng4 48. Ne4 Be7 49. Nd2 Bxh4 50. Nxc4 Bg3 51. b4 h4 52. Kg2 f5 53. b5 axb5 54. axb5 f4 55. b6 Kd8 56. Na5 Kc8 57. c4 Be1 58. Nc6 Ne3+ 59. Bxe3 fxe3 60. Nd4 Kb7 61. c5 Bb4 62. Nc2 1/2-1/2

[Event "4th Baskent University Open 2019"]
[Site "Ankara"]
[Date "2019.06.19"]
[Round "5"]
[White "Keseroglu, Yigit Can"]
[Black "Ozbag, Berat"]
[Result "1-0"]
[ECO "E92"]
[WhiteElo "1559"]
[BlackElo "1666"]
[Annotator "NA"]
[PlyCount "95"]
[EventDate "2019.06.18"]
[EventType "swiss"]
[EventCountry "TUR"]
[SourceTitle "playchess.com"]
[Source "ChessBase"]
[SourceQuality "1"]
[TimeControl "5400+30"]

1. d4 Nf6 2. c4 g6 3. Nf3 Bg7 4. Nc3 O-O 5. e4 d6 6. h3 Nc6 7. Be2 e5 8. d5 Ne7 9. Be3 Ne8 10. g4 f5 11. gxf5 gxf5 12. exf5 Bxf5 13. Ng5 Qd7 14. Bg4 Nf6 15. Bxf5 Nxf5 16. Qd3 Nxe3 17. fxe3 e4 18. Qc2 Qf5 19. Ne6 Rf7 20. O-O-O Bh6 21. Qe2 Qf3 22. Kd2 Nh5 23. Rdf1 Qxe2+ 24. Nxe2 Rf3 25. Rxf3 exf3 26. N2d4 f2 27. Nf5 Bg7 28. Rf1 Bxb2 29. Rxf2 Kf7 30. Nxd6+ Ke7 31. Ne4 c6 32. Kd3 Ba1 33. Rf5 Ng7 34. Nxg7 Bxg7 35. d6+ Ke6 36. Rg5 Bf8 37. Rh5 h6 38. Kd4 Bg7+ 39. Kd3 b6 40. Rh4 Rd8 41. Rg4 Bf8 42. Rg6+ Kf5 43. Rg8 Ke6 44. c5 Kf7 45. Rg4 bxc5 46. Rf4+ Ke6 47. Nxc5+ Kd5 48. Rf5+ 1-0

[Event "4th Baskent University Open 2019"]
[Site "Ankara"]
[Date "2019.06.19"]
[Round "5"]
[White "Ozen, Sadettin Alperen"]
[Black "Sarginalp, Tuna"]
[Result "0-1"]
[ECO "B98"]
[WhiteElo "1554"]
[BlackElo "1630"]
[Annotator "NA"]
[PlyCount "58"]
[EventDate "2019.06.18"]
[EventType "swiss"]
[EventCountry "TUR"]
[SourceTitle "playchess.com"]
[Source "ChessBase"]
[SourceQuality "1"]
[TimeControl "5400+30"]

1. e4 c5 2. Nf3 d6 3. d4 cxd4 4. Nxd4 Nf6 5. Nc3 a6 6. Bg5 e6 7. Qe2 Be7 8. f4 h6 9. Bh4 Qc7 10. O-O-O O-O 11. g4 Nc6 12. h3 Nxe4 13. Nxe4 Bxh4 14. g5 hxg5 15. Nxc6 bxc6 16. Nxd6 Rd8 17. Qe5 f6 18. Qc5 Bg3 19. Bd3 Bxf4+ 20. Kb1 Bxd6 21. Qc4 Rb8 22. h4 Rb4 23. Qc3 c5 24. b3 g4 25. Bg6 Be5 26. Rxd8+ Qxd8 27. Qxc5 Rd4 28. Kc1 Bb7 29. Re1 Bd6 0-1

[Event "4th Baskent University Open 2019"]
[Site "Ankara"]
[Date "2019.06.19"]
[Round "5"]
[White "Duru, Ipek"]
[Black "Taban, Yagiz"]
[Result "1/2-1/2"]
[ECO "B23"]
[WhiteElo "1551"]
[BlackElo "1654"]
[Annotator "NA"]
[PlyCount "39"]
[EventDate "2019.06.18"]
[EventType "swiss"]
[EventCountry "TUR"]
[SourceTitle "playchess.com"]
[Source "ChessBase"]
[SourceQuality "1"]
[TimeControl "5400+30"]

1. e4 c5 2. Nc3 a6 3. g3 b5 4. Bg2 Bb7 5. d3 e6 6. f4 Nf6 7. Nf3 d5 8. e5 Nfd7 9. O-O Nc6 10. Re1 g6 11. Ne2 Bg7 12. g4 O-O 13. Ng3 Re8 14. c3 Qb6 15. h4 f6 16. exf6 Nxf6 17. Ne5 Nxe5 18. fxe5 Nd7 19. Bf4 Qc7 20. d4 1/2-1/2